 Dungeon Crawl Stone Soup version 0.24.0-35-gdb84b6a5db (webtiles) character file.

Game seed: 16354026286131568873, levelgen mode: deterministic

51 FishyPogo the Cutter (level 3, 0/28 HPs)
             Began as a Gnoll Wanderer on Nov 17, 2019.
             Slain by a jackal (2 damage)
             ... on level 2 of the Dungeon.
             The game lasted 00:05:03 (1072 turns).

FishyPogo the Cutter (Gnoll Wanderer)               Turns: 1072, Time: 00:05:03

Health: 0/28       AC:  5    Str: 11 (13) XL:     3   Next: 83%
Magic:  4/4        EV: 13    Int: 13 (15) God:
Gold:   8          SH:  4    Dex: 13 (15) Spells: 3/3 levels left

rFire    . . .     SeeInvis .   a - +2 dagger (freeze)
rCold    . . .     Gourm    .   j - +1 buckler
rNeg     . . .     Faith    .   c - +0 robe
rPois    .         Spirit   .   (no helmet)
rElec    .         Reflect  .   (no cloak)
rCorr    .         Harm     .   (no gloves)
MR       .....                  m - +2 pair of boots
Stlth    +++.......             (no amulet)
HPRegen  0.09/turn              (no ring)
MPRegen  0.09/turn              (no ring)

@: no status effects
A: distributed training, fangs 1, strong nose
a: no special abilities


You were on level 2 of the Dungeon.
You were hungry.

You visited 1 branch of the dungeon, and saw 2 of its levels.

You collected 8 gold pieces.

Inventory:

Hand Weapons
 a - a +2 dagger of freezing (weapon)
Missiles
 l - 16 stones (quivered)
Armour
 c - a +0 robe (worn)
 j - a +1 buckler (worn)
 m - a +2 pair of boots (worn)
Wands
 n - a wand of paralysis (4)
Scrolls
 b - 3 scrolls of teleportation
 d - a scroll of remove curse
Comestibles
 f - 4 rations
 g - 5 chunks of flesh


   Skills:
 + Level 2.6 Fighting
 + Level 6.5 Short Blades
 + Level 0.9 Long Blades
 + Level 0.9 Axes
 + Level 0.9 Maces & Flails
 + Level 0.9 Polearms
 + Level 0.9 Staves
 + Level 0.9 Slings
 + Level 0.9 Bows
 + Level 0.9 Crossbows
 + Level 0.9 Throwing
 + Level 0.9 Armour
 + Level 4.5 Dodging
 + Level 6.0 Stealth
 + Level 0.9 Shields
 + Level 0.9 Unarmed Combat
 + Level 0.9 Spellcasting
 + Level 0.6 Conjurations
 + Level 0.6 Hexes
 + Level 0.6 Charms
 + Level 0.6 Summonings
 + Level 0.6 Necromancy
 + Level 0.6 Translocations
 + Level 0.6 Transmutations
 + Level 0.6 Fire Magic
 + Level 0.6 Ice Magic
 + Level 0.6 Air Magic
 + Level 0.6 Earth Magic
 + Level 0.6 Poison Magic
 + Level 1.0 Invocations
 + Level 2.6 Evocations


You had 3 spell levels left.
You didn't know any spells.
Your spell library was empty.

Dungeon Overview and Level Annotations

Branches:
Dungeon (2/15)

Altars:
Nemelex Xobeh
Trog

Annotations:
D:2 Robin


Innate Abilities, Weirdness & Mutations

Your experience applies equally to all skills.
You have very sharp teeth.
Your uncanny sense of smell can sniff out nearby items.


Message History

You miss the jackal.
The jackal is severely wounded.
The jackal misses you.
You hit the jackal but do no damage. Your bite misses the jackal.
The jackal is severely wounded.
You closely miss the jackal.
The jackal is severely wounded.
The jackal misses you.
You closely miss the jackal.
The jackal is severely wounded.
You block the jackal's attack.
You barely miss the jackal.
The jackal is severely wounded.
The jackal bites you.
* * * LOW HITPOINT WARNING * * *
You hit the jackal. You freeze the jackal.
You bite the jackal, but do no damage.
The jackal is almost dead.
The jackal bites you.
You die...

**#..#..g'#..#..###....#.....##..
##,#._.'.'.o.#(#*#..........#...
#..##.#g.##.##..##..........#...
*#..###.#g###..###..............
*#.....#.....## #.....#..#.#..#
####g###..### #...).#..#.#..#
#......# #.....#..#.#..#
##g#.#g######........#.....
#.gghggbh@.......#.###....
################.#.###.#..
#...#...### ##....### # #....# #
#....#### #.......# #.)..##'##
#.>..#....


You could see 2 jackals, 2 hobgoblins, 3 goblins and a bat.

Vanquished Creatures
  An adder (D:2)
  2 leopard geckos
  A ball python (D:1)
  4 bats (D:1)
  2 giant cockroaches
  7 goblins
  5 hobgoblins
  A jackal (D:2)
  3 frilled lizards (D:1)
  3 kobolds
  7 rats
36 creatures vanquished.

Notes
Turn   | Place    | Note
-------+----------+-------------------------------------------
     0 | D:1      | FishyPogo the Gnoll Wanderer began the quest for the Orb.
     0 | D:1      | FishyPogo set off with the following items: a +2 short
                  | sword, 2 scrolls of teleportation, a +0 robe, a +0 dagger,
                  | a ration
     0 | D:1      | Reached XP level 1. HP: 17/17 MP: 2/2
    48 | D:1      | Reached XP level 2. HP: 23/23 MP: 3/3
   518 | D:1      | Reached XP level 3. HP: 28/28 MP: 4/4
   741 | D:2      | Reached skill level 1 in Invocations
   915 | D:2      | Noticed a moth of wrath
   918 | D:2      | Found a bloodstained altar of Trog.
  1020 | D:2      | Noticed Robin
  1036 | D:2      | Found a sparkling altar of Nemelex Xobeh.
  1053 | D:2      | HP: 1/28 [jackal (2)]
  1072 | D:2      | Slain by a jackal

Levels and vault maps discovered:
D:1:      lightli_arrival_boilingwater, layout_loops_ring
D:2:      layout_basic, tgw_trog, nemelex_dance_club_becter, uniq_robin

Skill      XL: |  1  2  3 |
---------------+----------+-----
Stealth        | 6 |  6.0
Invocations    | 1 |  1.0
Fighting       | |  2.6
Short Blades   | |  6.5
Long Blades    | |  0.9
Axes           | |  0.9
Maces & Flails | |  0.9
Polearms       | |  0.9
Staves         | |  0.9
Slings         | |  0.9
Bows           | |  0.9
Crossbows      | |  0.9
Throwing       | |  0.9
Armour         | |  0.9
Dodging        | |  4.5
Shields        | |  0.9
Unarmed Combat | |  0.9
Spellcasting   | |  0.9
Conjurations   | |  0.6
Hexes          | |  0.6
Charms         | |  0.6
Summonings     | |  0.6
Necromancy     | |  0.6
Translocations | |  0.6
Transmutations | |  0.6
Fire Magic     | |  0.6
Ice Magic      | |  0.6
Air Magic      | |  0.6
Earth Magic    | |  0.6
Poison Magic   | |  0.6
Evocations     | |  2.6

Action                   || total
-------------------------++-------
Melee: Dagger            ||    68
       Short sword       ||    36
       Bite              ||     7
Throw: Stone             ||     2
  Use: Scroll            ||     4
       Potion            ||     1
 Stab: Sleeping          ||    10
       Distracted        ||     1
Armor: Robe              ||    20
Dodge: Dodged            ||    70
Block: Buckler           ||    10
